 Dungeon Crawl Stone Soup version 0.20-a0-1122-gb7cbeb9 (webtiles) character file.

72 MatthieuS the Insei (level 4, -1/32 HPs)
             Began as a Merfolk Transmuter on May 11, 2017.
             Slain by a white imp (2 damage)
             ... summoned by Natasha
             ... on level 2 of the Dungeon.
             The game lasted 00:05:24 (1593 turns).

MatthieuS the Insei (Merfolk Transmuter)            Turns: 1593, Time: 00:05:25

Health: -1/32      AC:  2    Str: 10    XL:     4   Next: 25%
Magic:  7/7        EV: 13    Int: 13    God:
Gold:   119        SH:  0    Dex: 14    Spells: 6/7 levels left

rFire    . . .     SeeInvis .   a - +0 spear
rCold    . . .     Gourm    .   (no shield)
rNeg     . . .     Faith    .   b - +0 robe
rPois    .         Spirit   .   (no helmet)
rElec    .         Reflect  .   (no cloak)
rCorr    .         Harm     .   (no gloves)
MR       .....                  (no boots)
Stlth    +.........             (no amulet)
Regen    0.1/turn               (no ring)
MPRegen  0.1/turn               (no ring)

@: no status effects
A: change form in water, swift swim, stealthy swim
a: no special abilities


You were on level 2 of the Dungeon.
You were not hungry.

You visited 1 branch of the dungeon, and saw 2 of its levels.

You collected 119 gold pieces.

Inventory:

Hand Weapons
 a - a +0 spear (weapon)
Missiles
 i - 12 arrows
Armour
 b - a +0 robe (worn)
Scrolls
 g - a scroll of teleportation {unknown}
 j - 2 scrolls of remove curse {unknown}
 n - a scroll of blinking {unknown}
Potions
 e - 2 potions of berserk rage {unknown}
 l - a potion of heal wounds {unknown}
Books
 c - a book of Changes

   Spells                             Type                      Level
   a - Beastly Appendage              Transmutation                1
   b - Sticks to Snakes               Transmutation                2
   c - Spider Form                    Transmutation/Poison         3
   d - Ice Form                       Ice/Transmutation            4
   e - Blade Hands                    Transmutation                5
Comestibles
 d - a bread ration
 f - a meat ration
 h - 2 fruits
 k - a royal jelly
 m - 4 chunks of flesh


   Skills:
 - Level 1.1 Fighting
 - Level 4.0 Polearms
 - Level 2.6 Dodging
 - Level 4.3 Unarmed Combat
 - Level 2.0 Spellcasting
 + Level 2.6 Transmutations


You had 6 spell levels left.
You knew the following spells:

 Your Spells              Type           Power        Failure   Level  Hunger
a - Beastly Appendage     Tmut           #.....       9%          1    ##.....


Dungeon Overview and Level Annotations

Branches:
Dungeon (2/15)

Altars:

Annotations:
D:2 Natasha


Message History

The white imp gestures at you. The puff of frost hits you!
* * * LOW HITPOINT WARNING * * *
The white imp closely misses you.
Attack whom?
Press: ? - help, Dir - move target cursor, f/p - Natasha
Aim: Natasha (almost dead)
You reach to attack!
You completely miss Natasha.
Natasha is almost dead.
Natasha casts a spell.
The white imp misses you. x2
Attack whom?
Press: ? - help, Dir - move target cursor, f/p - Natasha
Aim: Natasha (almost dead)
You reach to attack!
You hit Natasha but do no damage.
Natasha is almost dead.
The white imp hits you.
* * * LOW HITPOINT WARNING * * *
The white imp freezes you.
You die...

....... ....... ##.# #.
.......#....... #(###.
#.....#......# #..#..
#.......# ##)..#
......#.####### ###....
..... #.....≈≈# ##.....#
.... #......≈#####
#..#...# #..
#....55≈##..#####)#..#..
##
#.)..h5@''(.##...(#.####
#....)≈≈##..((.####.#
#.....≈≈####.##.....#
#....≈≈≈# #.##..^......
#.####### #.###########
... #.# #### ..# ..# #.#


You could see an iron imp, Natasha and 2 white imps.

Vanquished Creatures
  Natasha (D:2)
  A worm (D:2)
  3 dart slugs (D:1)
  A giant cockroach (D:2)
  11 goblins
  5 hobgoblins
  4 kobolds
  A quokka (D:2)
  4 bats
  A frilled lizard (D:2)
  3 rats (D:1)
35 creatures vanquished.

Notes
Turn   | Place    | Note
-------+----------+-------------------------------------------
     0 | D:1      | MatthieuS the Merfolk Transmuter began the quest for the Orb.
     0 | D:1      | Reached XP level 1. HP: 15/15 MP: 3/3
   136 | D:1      | Reached XP level 2. HP: 19/21 MP: 5/5
  1018 | D:2      | Reached skill level 1 in Polearms
  1018 | D:2      | Reached XP level 3. HP: 22/26 MP: 6/6
  1276 | D:2      | Noticed Natasha
  1560 | D:2      | Killed Natasha
  1560 | D:2      | Reached XP level 4. HP: 26/32 MP: 7/7
  1577 | D:2      | Noticed Natasha
  1593 | D:2      | HP: 1/32 [white imp[Natasha] (1)]
  1593 | D:2      | Slain by a white imp

Vault maps used:
D:1:      dpeg_arrival_central, serial_bayou_crossing
D:2:      minmay_goblin_outpost, uniq_natasha

Skill      XL: |  1  2  3 |
---------------+----------+-----
Unarmed Combat | 4 |  4.3
Polearms       | 1 4 |  4.0
Fighting       | |  1.1
Dodging        | |  2.6
Spellcasting   | |  2.0
Transmutations | |  2.6

Action                   |  1- 3 |  4- 6 || total
-------------------------+-------+-------++-------
Melee: Unarmed           |    43 |       ||    43
       Spear             |   109 |    14 ||   123
       Headbutt          |     2 |       ||     2
       Punch             |     1 |       ||     1
       Tailslap          |     1 |       ||     1
 Cast: Beastly Appendage |     2 |       ||     2
 Stab: Sleeping          |     3 |       ||     3
  Eat: Chunk             |     2 |       ||     2
Armor: Robe              |    16 |       ||    16
Dodge: Dodged            |    84 |     5 ||    89
